 Dungeon Crawl Stone Soup version 0.24.1 (webtiles) character file.

Game seed: 18382710064328685514, levelgen mode: deterministic

16 funkygono the Digger (level 2, 0/15 HPs)
             Began as a Gargoyle Earth Elementalist on Mar 24, 2020.
             Slain by a jackal (2 damage)
             ... on level 1 of the Dungeon.
             The game lasted 00:02:25 (1371 turns).

funkygono the Digger (Gargoyle Earth Elementalist)  Turns: 1371, Time: 00:02:27

Health: 0/15       AC:  7    Str: 11    XL:     2   Next: 58%
Magic:  2/5        EV: 10    Int: 15    God:
Gold:   146        SH:  0    Dex: 10    Spells: 4/5 levels left

rFire    . . .     SeeInvis .   k - +0 club
rCold    . . .     Gourm    .   (no shield)
rNeg     + . .     Faith    .   n - +0 ring mail
rPois    ∞         Spirit   .   (no helmet)
rElec    +         Reflect  .   (no cloak)
rCorr    .         Harm     .   (no gloves)
MR       .....                  (no boots)
Stlth    +.........             (no amulet)
HPRegen  0.05/turn              (no ring)
MPRegen  0.09/turn              (no ring)

@: very slightly contaminated
A: negative energy resistance 1, electricity resistance, unbreathing,
petrification resistance, rot immunity, AC +2
a: no special abilities


You were on level 1 of the Dungeon.
You were not hungry.

You visited 1 branch of the dungeon, and saw 2 of its levels.

You collected 146 gold pieces.

Inventory:

Hand Weapons
 k - a +0 club (weapon)
Missiles
 b - 64 stones (quivered)
Armour
 c - a +0 robe
 n - a +0 ring mail (worn)
Scrolls
 e - a scroll of identify
Potions
 a - a potion of curing {unknown}
 f - a potion of haste {unknown}
 g - a potion of mutation {unknown}
 l - 2 potions of heal wounds
 m - a potion of brilliance {unknown}
Comestibles
 d - 4 rations


   Skills:
 + Level 1.6 Dodging
 + Level 2.2 Stealth
 + Level 2.3 Spellcasting
   Level 0.7 Transmutations
 + Level 4.3 Earth Magic


You had 4 spell levels left.
You knew the following spells:

 Your Spells              Type           Power        Failure   Level  Hunger
a - Sandblast             Erth           ##....       9%          1    #......

Your spell library contained the following spells:

 Spells                   Type           Power        Failure   Level  Hunger
 Passwall                 Tmut/Erth      #.......     28%         2    ###....
 Stone Arrow              Conj/Erth      #.....       54%         3    ###....
 Petrify                  Tmut/Erth      #.......     88%         4    #####..
 Lee's Rapid Deconstruct  Erth           ##........   94%         5    ######.


Dungeon Overview and Level Annotations

Branches:
Dungeon (2/15)

Altars:

Annotations:
D:2 Terence


Innate Abilities, Weirdness & Mutations

You are resistant to torment.
Your stone body is resilient. (AC +2)
You are immune to poison.
You resist negative energy. (rN+)
You are resistant to electric shocks. (rElec)
You can survive without breathing.
You are immune to petrification.
You are immune to rotting.


Message History

You are very lightly contaminated with residual magic.
Nothing appears to happen.
The jackal bites you but does no damage.
The jackal barely misses you. The jackal bites you.
* * * LOW HITPOINT WARNING * * *
Terence says, "Time to say good-bye..."
The jackal bites you but does no damage.
The jackal closely misses you. The jackal barely misses you.
The jackal misses you.
There is a stone staircase leading up here.
The jackal closely misses you.
You climb upwards.
There is a stone staircase leading down here.
Unknown command.
The jackal bites you but does no damage.
The jackal barely misses you. The jackal closely misses you.
The jackal bites you.
You die...

#.####.....#.# #.#.#.#.#
#.# #.....#.# #.#.#.#.# ..#
#..#.##.###.#.#...# ###
##.#.##.....#.#############
#...###.###..............#
##..###.###...#######.####
#............# #.# #
#..###...#.#.# #.# #
##>.....h@...# #.# #
#######.#.#.# #.# # #.....#
#.# ###...# #.#
#################...# #.#
....................# #.#
.....###########....# #.#
####.......(...#....### #.#
.....#########.#......#
#(####


You could see a jackal.

Vanquished Creatures
  A bat (D:1)
  2 goblins (D:1)
  4 hobgoblins (D:1)
  3 kobolds (D:1)
  7 rats
17 creatures vanquished.

Notes
Turn   | Place    | Note
-------+----------+-------------------------------------------
     0 | D:1      | funkygono the Gargoyle Earth Elementalist began the quest
                  | for the Orb.
     0 | D:1      | Reached XP level 1. HP: 10/10 MP: 3/3
   415 | D:1      | Reached skill level 4 in Earth Magic
   435 | D:1      | Reached XP level 2. HP: 15/15 MP: 1/5
  1326 | D:2      | Noticed Terence
  1371 | D:1      | Slain by a jackal

Levels and vault maps discovered:
D:1:      saegor_arrival_simple_c, layout_basic, serial_co_window_serial,
          co_window_paths_a, co_window_paths_b, co_window_corner_a,
          co_window_of_opportunity_a, co_window_corner_a, co_window_2corner,
          co_window_broadway_b, co_window_broadway_b, co_window_2corner,
          co_window_4corner_a, glass_columns_a, glass_columns_a,
          glass_columns_a, supply_closet_lemuel, minmay_octomino_j4
D:2:      layout_rooms, kiku_gazebo_pond_becter, first_ration,
          nicolae_ashenzari_panopticon, uniq_terence

Skill      XL: |  1 |
---------------+----+-----
Earth Magic    | 4 |  4.3
Dodging        | |  1.6
Stealth        | |  2.2
Spellcasting   | |  2.3
Transmutations | |  0.7

Action                   || total
-------------------------++-------
Melee: Club              ||     8
 Cast: Sandblast         ||    29
  Use: Scroll            ||     3
  Eat: Ration            ||     1
Armor: Ring mail         ||     8
       Robe              ||     1
Dodge: Dodged            ||    28
